 Dungeon Sprint DCSS version 0.30-a0-728-gc68057be0a (webtiles) character file.

Game seed: 7959285304248653357

1297 Darkkill the Fighter (level 8, -3/88 HPs)
             Began as a Troll Wanderer on Jan 30, 2023.
             Was an Initiate of Gozag.
             Slain by a ten-headed hydra (10 damage)
             ... in the Dungeon (Sprint IX: "|||||||||||||||||||||||||||||").
             The game lasted 00:02:20 (226 turns).

Darkkill the Fighter (Troll Wanderer)                Turns: 226, Time: 00:02:21

Health: -3/88      AC:  6    Str: 23    XL:     8   Next: 31%
Magic:  7/7        EV: 12    Int:  8    God:    Gozag
Gold:   342        SH:  0    Dex: 12    Spells: 7/7 levels left

rFire   . . .      SeeInvis .    b - +3 war axe of Ytevin {drain, rC+}
rCold   + . .      Faith    .    (no shield)
rNeg    . . .      Spirit   .    d - +0 robe
rPois   .          Reflect  .    (helmet restricted)
rElec   .          Harm     .    (no cloak)
rCorr   .          Rampage  .    (gloves unavailable)
Will    .....      NoTele   +    (boots unavailable)
Stlth   +                        (no amulet)
HPRegen 1.14/turn                o - +3 ring of dexterity
MPRegen 0.10/turn                n - +2 ring of protection

@: gold aura
A: large, unfitting armour, claws 3, regeneration 1, shaggy fur 1, tough skin 1
a: Renounce Religion, Potion Petition, Call Merchant, Bribe Branch


You were in the Dungeon.
You worshipped Gozag.
Gozag was aware of your devotion.
You visited 1 branch You collected 342 gold pieces.

Inventory:

Hand Weapons
 a - a +2 halberd of protection
 b - the +3 war axe of Ytevin (weapon) {drain, rC+}
   (You found it in the Dungeon)

   rC:        It protects you from cold.
Armour
 d - a +0 robe (worn)
Jewellery
 n - a +2 ring of protection (right claw)
 o - a +3 ring of dexterity (left claw)
Wands
 m - a wand of iceblast (4)
Scrolls
 c - a scroll of fog
 j - a scroll of blinking
 k - 2 scrolls of amnesia
Potions
 e - 5 potions of curing {@q1}
 g - a potion of haste
 h - 4 potions of magic
 i - a potion of invisibility


   Skills:
 + Level 8.2 Fighting
 + Level 8.2(9.7) Polearms
 + Level 8.0(9.6) Staves
 + Level 8.0 Dodging


You had 7 spell levels left.
You didn't know any spells.
Your spell library was empty.

Dungeon Overview and Level Annotations

Branches:
Dungeon (1/1)

Altars:
Cheibriados
Dithmenos
Elyvilon
Fedhas
Gozag
Hepliaklqana
Kikubaaqudgha
Makhleb
Nemelex Xobeh
Okawaru
Qazlal
Ru
Sif Muna
Trog
Uskayaw
Vehumet
Wu Jian
Xom
Yredelemnul
Zin
The Shining One
Jiyva
Lugonu


Innate Abilities, Weirdness & Mutations

You are too large for most types of armour.
You have claws for hands.
Your natural rate of healing is unusually fast.
You are covered in fur. (AC +1)
You have tough skin. (AC +1)


Message History

Okay, then.
You slash the cyclops!
Your weapon exudes an aura of protection.
The cyclops is heavily wounded.
The cyclops hits you.
You impale the cyclops!!
The cyclops is almost dead.
You slash the cyclops!
You kill the cyclops!
Your Fighting skill increases to level 8!
Your base Polearms skill increases to level 8!
Your base Staves skill increases to level 8!
Your Dodging skill increases to level 8!
You have reached level 8!
You chop one of the six-headed hydra's heads off!
The five-headed hydra grows two more!
You slash the seven-headed hydra!
The seven-headed hydra is moderately wounded.
The seven-headed hydra bites you but does no damage.
The seven-headed hydra closely misses you.
The seven-headed hydra bites you but does no damage.
The seven-headed hydra closely misses you.
The seven-headed hydra bites you but does no damage. x3
You chop one of the seven-headed hydra's heads off!
The six-headed hydra grows two more!
You puncture the eight-headed hydra!
The eight-headed hydra is moderately wounded.
The eight-headed hydra bites you. The eight-headed hydra bites you!
The eight-headed hydra bites you. The eight-headed hydra bites you!
The eight-headed hydra bites you.
The eight-headed hydra closely misses you. x2
The eight-headed hydra bites you.
The komodo dragon hisses menacingly.
You lop one of the eight-headed hydra's heads off!
The seven-headed hydra grows two more!
You puncture the nine-headed hydra!
The nine-headed hydra is moderately wounded.
The nine-headed hydra bites you. The nine-headed hydra bites you!
The nine-headed hydra bites you but does no damage.
The nine-headed hydra bites you! x2
The nine-headed hydra barely misses you.
The nine-headed hydra completely misses you.
The nine-headed hydra bites you!
* * * LOW HITPOINT WARNING * * *
The nine-headed hydra barely misses you.
The kobold demonologist casts a spell.
You feel much better.
The nine-headed hydra closely misses you.
The nine-headed hydra bites you. x2
The nine-headed hydra completely misses you.
The nine-headed hydra bites you.
The nine-headed hydra barely misses you.
The nine-headed hydra bites you.
The nine-headed hydra closely misses you.
The nine-headed hydra bites you!
* * * LOW HITPOINT WARNING * * *
Blink to where?
Press: ? - help, Q - select action, (/) - cycle Dir - move target
As you read the scroll of blinking, it crumbles to dust.
Aiming: Iceblast
Press: ? - help, Q - select action, (/) - cycle Shift-Dir - straight line, f - you
Okay, then.
Things that are here:
a +1 whip of draining; a +0 dagger; a +0 robe
Aiming: Iceblast
Press: ? - help, Q - select action, (/) - cycle Shift-Dir - straight line, f - nine-headed hydra
Aim: a nine-headed hydra (lightly wounded)
The mass of ice explodes!
The iceblast engulfs the nine-headed hydra!
The nine-headed hydra is moderately wounded.
The iceblast engulfs the eight-headed hydra!
The eight-headed hydra is lightly wounded.
Aiming: Iceblast
Press: ? - help, Q - select action, (/) - cycle Shift-Dir - straight line, f/p - nine-headed hydra
Aim: a nine-headed hydra (moderately wounded)
The mass of ice explodes!
The iceblast engulfs the nine-headed hydra!
The nine-headed hydra is heavily wounded.
The iceblast engulfs the eight-headed hydra!
The eight-headed hydra is moderately wounded.
Aiming: Iceblast
Press: ? - help, Q - select action, (/) - cycle Shift-Dir - straight line, f/p - nine-headed hydra
Aim: a nine-headed hydra (heavily wounded)
The mass of ice explodes!
The iceblast engulfs the nine-headed hydra!
The nine-headed hydra is heavily wounded.
The iceblast engulfs the eight-headed hydra!
The eight-headed hydra is heavily wounded.
Your +2 halberd of protection goes still.
You sense an unholy aura.
b - the +3 war axe of Ytevin (weapon)
{drain, rC+} The komodo dragon changes into a culicivora!
You chop one of the nine-headed hydra's heads off!
The eight-headed hydra grows two more!
You slice the ten-headed hydra!!
The ten-headed hydra is heavily wounded.
The kobold demonologist mumbles some strange words.
The ten-headed hydra bites you!
* * * LOW HITPOINT WARNING * * *
The ten-headed hydra barely misses you. The ten-headed hydra bites you!
* * * LOW HITPOINT WARNING * * *
The ten-headed hydra bites you!
You die...
Your body crumbles into a pile of gold. ▓▓▓▓▓▓▓▓▓▓▓▓▓▓▓▓▓▓▓▓▓▓▓▓▓▓▓▓▓▓▓ ..clKD$cs4K.DD@.)[[.)..'_______ ▓▓▓▓▓▓▓▓▓▓▓▓▓▓▓▓▓▓▓▓▓▓▓▓▓▓▓▓▓▓▓ $ $$$$$ $ $ $ $$$$$ $$$$$$

You could see a ten-headed hydra, an eight-headed hydra, a centaur warrior, a rust devil (summoned), a kobold demonologist and a culicivora shaped shifter.

Vanquished Creatures
  A cyclops (D)
  A kobold demonologist (D)
  A wraith (D)
  A shadow (D)
  An orc warrior (D)
  A phantom (D)
  A necrophage (D)
  A howler monkey (D)
  2 jellies (D)
  An orc priest (D)
  A gnoll bouda (D)
  A dart slug (D)
  A bat (D)
  2 endoplasms (D)
  A giant cockroach (D)
17 creatures vanquished.

Notes
Turn   | Place    | Note
-------+----------+-------------------------------------------
     0 | D        | Darkkill the Troll Wanderer began the quest for the Orb.
     0 | D        | Darkkill set off with the following items: a +3
                  | quarterstaff, a +0 spear, a scroll of fog, a +0 robe, a
                  | potion of curing {@q1}, a potion of heal wounds, a potion
                  | of haste, 2 potions of magic, a potion of berserk rage, a
                  | scroll of blinking.
     0 | D        | Reached XP level 1. HP: 22/22 MP: 0/0
    21 | D        | Reached XP level 2. HP: 29/29 MP: 1/1
    25 | D        | Noticed a phantom
    25 | D        | Noticed a necrophage
    31 | D        | Killed a necrophage
    32 | D        | Reached XP level 3. HP: 39/39 MP: 2/2
    32 | D        | Reached XP level 4. HP: 48/48 MP: 3/3
    49 | D        | Killed a phantom
    50 | D        | Reached skill level 5 in Fighting
    50 | D        | Reached skill level 5 in Polearms
    50 | D        | Reached skill level 5 in Staves
    50 | D        | Reached skill level 5 in Dodging
    50 | D        | Reached XP level 5. HP: 28/57 MP: 4/4
    81 | D        | Found a snail-covered altar of Cheibriados.
    81 | D        | Found a shadowy altar of Dithmenos.
    81 | D        | Found a white marble altar of Elyvilon.
    81 | D        | Found a blossoming altar of Fedhas.
    81 | D        | Found an opulent altar of Gozag.
    82 | D        | Found a hazy altar of Hepliaklqana.
    83 | D        | Found a viscous altar of Jiyva.
    84 | D        | Found an ancient bone altar of Kikubaaqudgha.
    85 | D        | Found a corrupted altar of Lugonu.
    86 | D        | Found a burning altar of Makhleb.
    87 | D        | Found a sparkling altar of Nemelex Xobeh.
    88 | D        | Found an iron altar of Okawaru.
    89 | D        | Became a worshipper of Gozag Ym Sagoz the Greedy
    90 | D        | Found a stormy altar of Qazlal.
    91 | D        | Found a sacrificial altar of Ru.
    92 | D        | Found a shimmering blue altar of Sif Muna.
    93 | D        | Found a bloodstained altar of Trog.
    94 | D        | Found a hide-covered altar of Uskayaw.
    95 | D        | Found a radiant altar of Vehumet.
    96 | D        | Found an ornate altar of the Wu Jian Council.
    97 | D        | Found a shimmering altar of Xom.
    98 | D        | Found a basalt altar of Yredelemnul.
    99 | D        | Found a glowing silver altar of Zin.
   100 | D        | Found a glowing golden altar of the Shining One.
   115 | D        | Got the +3 war axe of Ytevin {drain, rC+}
   140 | D        | Noticed a kobold demonologist
   140 | D        | Noticed a shadow
   140 | D        | Noticed an orc warrior
   140 | D        | Noticed a wraith
   143 | D        | Noticed a chaos spawn
   149 | D        | Reached XP level 6. HP: 63/67 MP: 5/5
   151 | D        | Noticed an ice devil
   157 | D        | Noticed a red devil
   159 | D        | Killed a wraith
   161 | D        | Noticed a red devil
   166 | D        | Killed an orc warrior
   167 | D        | Reached XP level 7. HP: 37/76 MP: 6/6
   167 | D        | Noticed a sixfirhy
   180 | D        | Killed a shadow
   181 | D        | Noticed a rust devil
   183 | D        | Killed a kobold demonologist
   210 | D        | Noticed a centaur warrior
   210 | D        | Noticed a komodo dragon
   210 | D        | Noticed an eight-headed hydra
   210 | D        | Noticed a kobold demonologist
   210 | D        | Noticed a six-headed hydra
   210 | D        | Noticed a cyclops
   214 | D        | Killed a cyclops
   215 | D        | Reached XP level 8. HP: 88/88 MP: 7/7
   225 | D        | a komodo dragon changed into a culicivora
   225 | D        | Noticed a culicivora (shapeshifter)
   226 | D        | HP: 7/88 [ten-headed hydra (12)]
   226 | D        | Slain by a ten-headed hydra

Illustrated notes

Levels and vault maps discovered:
D:        linesprint [early_d, line_temple, items_1, d_10, items_2, lair_1,
          lair_end, items_3, orc_1, orc_end, items_4, d_15, swamp_1, shoals_1,
          snake_1, spider_1, d_20, vaults_1, items_5, swamp_end, shoals_end,
          snake_end, spider_end, vaults_end, d_27, items_6, zot_1, zot_end,
          crypt_end, forest_end, elf_end, slime_end, tomb_end, abyss_end,
          pan_hell_end]

Skill      XL: |  1  2  3  4  5  6  7 |
---------------+----------------------+-----
Staves         | 2 3 5 6 8 |  8.0
Dodging        | 2 3 5 6 8 |  8.0
Fighting       | 4 5 6 8 |  8.2
Polearms       | 4 5 6 8 |  8.2

Action                     |  1- 3 |  4- 6 |  7- 9 || total
---------------------------+-------+-------+-------++-------
  Melee: Quarterstaff      |    20 |    20 |       ||    40
         Halberd           |       |    25 |    17 ||    42
         War axe           |       |       |     1 ||     1
  Evoke: Wand              |       |       |     6 ||     6
    Use: Potion            |     1 |       |     3 ||     4
         Scroll            |       |       |     1 ||     1
 Armour: Robe              |    10 |    11 |    13 ||    34
  Dodge: Dodged            |     9 |    20 |    16 ||    45

Table legend: (Time is in decaauts)
 A = Elapsed time spent in this place.
 B = Non-inter-level travel time spent in this place.
 C = Inter-level travel time spent in this place.
 D = Time resting spent in this place.
 E = Time spent auto-exploring this place.
 F = Levels seen in this place.
 G = Mean time per level.
                   A        B        C        D        E       F      G
               +--------+--------+--------+--------+--------+-----+--------+
         Total |    252 |    252 |      0 |     25 |      6 |   1 |  252.0 |
       Dungeon |    252 |    252 |      0 |     25 |      6 |   1 |  252.0 |
               +--------+--------+--------+--------+--------+-----+--------+

Top non-repeatable levels by time:
       D: 252 daAuts

Table legend:
 A = Kills in this place as a percentage of kills in entire the game.
 B = Kills by you in this place as a percentage of kills by you in the entire game.
 C = Kills by friends in this place as a percentage of kills by friends in the entire game.
 D = Other kills in this place as a percentage of other kills in the entire game.
 E = Experience gained in this place as a percentage of experience gained in the entire game.
 F = Experience gained in this place divided by the number of levels of this place that you have seen.
                   A       B       C       D       E      F
               +-------+-------+-------+-------+-------+----------------------
         Total | 100.0 | 100.0 |   N/A |   N/A | 100.0 | 1854.0
       Dungeon | 100.0 | 100.0 |   N/A |   N/A | 100.0 | 1854.0
               +-------+-------+-------+-------+-------+----------------------
